General information
- name: BNet
- type: Ladder team game (AT/RT)
- host: Battle.net
- saver: JarrettGang
map: GolemsInTheMist
- players: 8
- length: 71:09
- speed: Fast
- version: 1.26 W3XP
- replay type: Public
» download(280 KB)
Players
team 1 (loser)

»
agentknox666 (
green | 76 APM | 996 actions | 13:08)
2 Mountain King
1 Storm Bolt
1 Bash
» actions
| Build / train | 129 | |
| Enter build submenu | 28 | |
| Enter hero's abilities submenu | 2 | |
| Right click | 519 | |
| Select / deselect | 256 | |
| Use ability | 62 | |
996 total
» units
| Peasant | 13 | |
| Footman | 24 | |
| Rifleman | 12 | |
49 total
» upgrades
| Masonry | 1 | |
| Swords | 1 | |
| Plating | 1 | |
| Armor | 1 | |
| Gunpowder | 1 | |
5 total
» buildings
| Altar of Kings | 1 | |
| Barracks | 1 | |
| Farm | 6 | |
| Lumber Mill | 1 | |
| Arcane Vault | 1 | |
| Scout Tower | 15 | |
| Guard Tower | 34 | |
| Blacksmith | 1 | |
| Keep | 4 | |
| Arcane Tower | 2 | |
| Castle | 4 | |
70 total
» build order
00:14 Altar of Kings
00:19 Barracks
01:06 Farm
01:12 Lumber Mill
01:25 Farm
01:48 Farm
02:59 Arcane Vault
03:33 Scout Tower
03:35 Scout Tower
03:38 Scout Tower
04:07 Guard Tower
04:07 Guard Tower
04:08 Guard Tower
04:14 Guard Tower
04:15 Guard Tower
04:15 Guard Tower
05:00 Blacksmith
05:24 Farm
05:51 Keep
05:51 Keep
05:51 Keep
06:33 Scout Tower
06:59 Scout Tower
07:05 Scout Tower
07:07 Scout Tower
07:09 Guard Tower
07:10 Guard Tower
07:33 Scout Tower
07:36 Scout Tower
07:39 Scout Tower
07:40 Guard Tower
07:40 Guard Tower
07:45 Guard Tower
08:38 Scout Tower
08:43 Guard Tower
08:43 Guard Tower
08:43 Guard Tower
08:51 Arcane Tower
08:52 Arcane Tower
09:13 Guard Tower
09:13 Guard Tower
09:13 Guard Tower
09:58 Castle
09:58 Castle
11:03 Scout Tower
11:06 Farm
11:10 Scout Tower
11:15 Farm
11:32 Guard Tower
11:32 Guard Tower
11:45 Guard Tower
11:45 Guard Tower
11:48 Scout Tower
11:50 Scout Tower
» items
TheBrawWooer (
blue | 57 APM | 4054 actions | 71:06)
10 Archmage
3 Blizzard
3 Brilliance Aura
1 Mass Teleport
3 Summon Water Elemental
» actions
| Assign group hotkey | 99 | |
| Basic commands | 146 | |
| Build / train | 240 | |
| ESC pressed | 9 | |
| Enter build submenu | 93 | |
| Enter hero's abilities submenu | 9 | |
| Give item / drop item | 2 | |
| Remove unit from queue | 3 | |
| Right click | 1505 | |
| Select / deselect | 655 | |
| Select group hotkey | 1025 | |
| Use ability | 268 | |
4054 total
» units
| Peasant | 16 | |
| Footman | 6 | |
| Goblin Shredder | 3 | |
| Goblin Zeppelin | 4 | |
| Knight | 4 | |
| Spell Breaker | 1 | |
| Priest | 2 | |
| Siege Engine | 4 | |
| Gryphon Rider | 12 | |
| Rifleman | 8 | |
60 total
» upgrades
| Masonry | 3 | |
| Defend | 1 | |
| Swords | 3 | |
| Plating | 3 | |
| Animal War Training | 1 | |
| Priest Training | 2 | |
| Barrage | 1 | |
| Gunpowder | 3 | |
| Armor | 3 | |
| Lumber Harvesting | 2 | |
| Cloud | 1 | |
| Storm Hammers | 1 | |
| Flak Cannons | 1 | |
| Flying Machine Bombs | 1 | |
| Sorceress Training | 1 | |
| Magic Sentry | 1 | |
28 total
» buildings
| Altar of Kings | 1 | |
| Barracks | 2 | |
| Farm | 10 | |
| Arcane Vault | 1 | |
| Lumber Mill | 1 | |
| Keep | 3 | |
| Blacksmith | 1 | |
| Town Hall | 5 | |
| Scout Tower | 64 | |
| Guard Tower | 68 | |
| Castle | 3 | |
| Arcane Sanctum | 1 | |
| Workshop | 2 | |
| Gryphon Aviary | 2 | |
| Cannon Tower | 37 | |
| Arcane Tower | 4 | |
205 total
» build order
00:49 Altar of Kings
00:51 Barracks
00:54 Farm
01:06 Farm
01:19 Farm
01:49 Arcane Vault
02:23 Farm
02:42 Lumber Mill
03:42 Keep
03:43 Keep
04:21 Farm
05:23 Blacksmith
06:59 Town Hall
07:01 Scout Tower
07:02 Scout Tower
07:03 Scout Tower
07:05 Scout Tower
07:06 Scout Tower
07:08 Scout Tower
07:10 Scout Tower
07:12 Scout Tower
07:41 Guard Tower
07:41 Guard Tower
08:19 Castle
08:19 Castle
08:34 Guard Tower
08:36 Guard Tower
08:36 Guard Tower
08:37 Guard Tower
08:43 Guard Tower
08:44 Guard Tower
08:45 Guard Tower
08:46 Guard Tower
10:08 Arcane Sanctum
10:34 Town Hall
10:35 Scout Tower
10:37 Scout Tower
10:42 Scout Tower
10:44 Scout Tower
11:11 Guard Tower
11:11 Guard Tower
11:11 Guard Tower
11:12 Guard Tower
11:12 Guard Tower
11:13 Guard Tower
12:34 Workshop
12:35 Workshop
13:38 Scout Tower
13:39 Scout Tower
13:39 Scout Tower
13:41 Scout Tower
13:42 Scout Tower
13:56 Scout Tower
13:58 Scout Tower
14:09 Scout Tower
14:11 Scout Tower
14:14 Guard Tower
14:14 Guard Tower
14:16 Guard Tower
14:16 Guard Tower
14:21 Scout Tower
14:21 Scout Tower
14:25 Scout Tower
14:26 Scout Tower
14:27 Scout Tower
14:30 Scout Tower
14:34 Guard Tower
14:53 Guard Tower
14:53 Guard Tower
14:54 Guard Tower
14:54 Guard Tower
14:55 Guard Tower
14:56 Guard Tower
15:10 Guard Tower
15:10 Guard Tower
18:05 Farm
18:07 Farm
22:07 Town Hall
26:06 Gryphon Aviary
26:07 Gryphon Aviary
27:19 Scout Tower
27:19 Scout Tower
27:20 Scout Tower
27:22 Scout Tower
27:23 Scout Tower
27:25 Scout Tower
27:28 Scout Tower
27:28 Scout Tower
27:29 Scout Tower
27:29 Scout Tower
29:12 Guard Tower
29:13 Guard Tower
30:06 Guard Tower
30:06 Guard Tower
32:52 Guard Tower
32:52 Guard Tower
32:52 Guard Tower
37:33 Town Hall
46:49 Scout Tower
46:49 Scout Tower
46:50 Scout Tower
46:52 Scout Tower
46:53 Scout Tower
46:55 Scout Tower
46:57 Scout Tower
46:58 Scout Tower
46:58 Scout Tower
47:21 Guard Tower
47:21 Guard Tower
47:25 Cannon Tower
47:25 Cannon Tower
47:25 Cannon Tower
47:26 Arcane Tower
47:27 Arcane Tower
47:27 Arcane Tower
47:27 Cannon Tower
47:28 Cannon Tower
47:49 Cannon Tower
47:49 Cannon Tower
47:49 Cannon Tower
51:20 Scout Tower
51:21 Scout Tower
51:51 Guard Tower
51:52 Guard Tower
51:53 Cannon Tower
51:53 Cannon Tower
51:53 Cannon Tower
51:54 Scout Tower
51:57 Scout Tower
52:02 Scout Tower
52:08 Scout Tower
52:13 Scout Tower
52:17 Scout Tower
52:21 Cannon Tower
52:21 Cannon Tower
52:25 Scout Tower
52:28 Cannon Tower
52:28 Cannon Tower
52:29 Cannon Tower
52:41 Cannon Tower
52:41 Cannon Tower
52:53 Cannon Tower
52:53 Cannon Tower
52:58 Cannon Tower
52:59 Cannon Tower
53:07 Scout Tower
53:15 Scout Tower
53:17 Scout Tower
53:19 Scout Tower
53:34 Cannon Tower
53:34 Cannon Tower
53:35 Cannon Tower
53:44 Guard Tower
53:44 Guard Tower
53:45 Guard Tower
53:45 Guard Tower
53:45 Guard Tower
53:52 Guard Tower
53:52 Guard Tower
53:52 Guard Tower
53:56 Scout Tower
54:14 Scout Tower
54:19 Scout Tower
54:24 Scout Tower
54:28 Scout Tower
54:44 Guard Tower
54:45 Guard Tower
55:48 Barracks
57:54 Farm
58:35 Farm
58:45 Town Hall
59:09 Farm
» items
| Mechanical Critter | 3 | |
| Scroll of Regeneration | 4 | |
| Potion of Healing | 1 | |
8 total
666laterreur666 (
orange | 20 APM | 339 actions | 16:49)
1 Blademaster
1 Wind Walk
» actions
| Basic commands | 20 | |
| Build / train | 24 | |
| Enter build submenu | 26 | |
| Enter hero's abilities submenu | 1 | |
| Right click | 139 | |
| Select / deselect | 93 | |
| Use ability | 36 | |
339 total
» units
» upgrades
| Melee Weapons | 1 | |
| Armor | 1 | |
| Spiked Barricades | 1 | |
| Berserker Strength | 1 | |
4 total
» buildings
| Altar of Storms | 1 | |
| Orc Burrow | 5 | |
| Barracks | 1 | |
| War Mill | 1 | |
| Watch Tower | 13 | |
| Stronghold | 1 | |
| Fortress | 1 | |
| Spirit Lodge | 1 | |
| Great Hall | 1 | |
25 total
» build order
00:20 Altar of Storms
00:29 Orc Burrow
00:53 Barracks
01:28 War Mill
01:54 Orc Burrow
02:44 Orc Burrow
03:40 Watch Tower
04:18 Watch Tower
06:05 Stronghold
06:18 Orc Burrow
07:10 Watch Tower
08:25 Orc Burrow
08:52 Watch Tower
08:56 Watch Tower
09:33 Watch Tower
09:45 Fortress
10:01 Spirit Lodge
13:16 Watch Tower
13:20 Watch Tower
13:25 Watch Tower
13:34 Watch Tower
14:37 Great Hall
14:44 Watch Tower
14:55 Watch Tower
15:00 Watch Tower
Sempiternal (
teal | 29 APM | 1906 actions | 65:43)
9 Death Knight
3 Death Coil
3 Unholy Aura
1 Animate Dead
2 Death Pact
» actions
| Basic commands | 104 | |
| Build / train | 133 | |
| Enter build submenu | 87 | |
| Enter hero's abilities submenu | 9 | |
| Remove unit from queue | 6 | |
| Right click | 773 | |
| Select / deselect | 661 | |
| Use ability | 133 | |
1906 total
» units
| Acolyte | 27 | |
| Ghoul | 8 | |
| Crypt Fiend | 42 | |
| Frost Wyrm | 1 | |
78 total
» upgrades
| Creature Attack | 3 | |
| Creature Carapace | 3 | |
| Web | 1 | |
| Burrow | 1 | |
| Freezing Breath | 1 | |
| Unholy Strength | 1 | |
| Unholy Armor | 1 | |
11 total
» buildings
| Crypt | 8 | |
| Ziggurat | 37 | |
| Altar of Darkness | 6 | |
| Graveyard | 5 | |
| Nerubian Tower | 7 | |
| Tomb of Relics | 3 | |
| Spirit Tower | 19 | |
| Halls of the Dead | 2 | |
| Black Citadel | 1 | |
| Sacrificial Pit | 2 | |
| Boneyard | 4 | |
| Necropolis | 7 | |
101 total
» build order
00:24 Crypt
00:27 Ziggurat
01:05 Altar of Darkness
01:12 Graveyard
01:20 Nerubian Tower
02:16 Tomb of Relics
02:49 Ziggurat
03:00 Ziggurat
03:43 Spirit Tower
04:03 Spirit Tower
08:40 Ziggurat
08:43 Ziggurat
09:46 Halls of the Dead
10:12 Ziggurat
10:14 Ziggurat
10:16 Ziggurat
10:19 Ziggurat
10:46 Spirit Tower
10:48 Spirit Tower
11:34 Nerubian Tower
11:35 Spirit Tower
11:37 Spirit Tower
11:47 Spirit Tower
12:32 Halls of the Dead
14:19 Crypt
16:50 Ziggurat
16:55 Ziggurat
16:57 Ziggurat
17:27 Ziggurat
17:29 Ziggurat
17:36 Black Citadel
17:38 Sacrificial Pit
17:48 Spirit Tower
17:50 Spirit Tower
17:53 Spirit Tower
19:04 Nerubian Tower
19:05 Spirit Tower
25:58 Boneyard
26:09 Boneyard
26:11 Boneyard
26:19 Boneyard
26:25 Ziggurat
26:27 Ziggurat
26:30 Ziggurat
26:32 Ziggurat
29:06 Necropolis
31:20 Altar of Darkness
31:30 Ziggurat
31:37 Ziggurat
31:41 Crypt
31:46 Graveyard
32:09 Tomb of Relics
32:13 Ziggurat
32:15 Ziggurat
32:17 Ziggurat
32:20 Ziggurat
32:43 Spirit Tower
32:45 Nerubian Tower
33:30 Nerubian Tower
33:32 Spirit Tower
33:34 Spirit Tower
33:38 Halls of the Dead
33:45 Crypt
33:48 Ziggurat
33:51 Ziggurat
33:56 Crypt
34:02 Ziggurat
34:06 Ziggurat
34:10 Ziggurat
34:48 Spirit Tower
34:51 Spirit Tower
34:58 Nerubian Tower
35:00 Spirit Tower
35:06 Spirit Tower
39:21 Necropolis
41:42 Sacrificial Pit
44:40 Crypt
45:28 Graveyard
45:33 Halls of the Dead
45:48 Ziggurat
45:50 Ziggurat
45:53 Ziggurat
45:56 Ziggurat
46:00 Ziggurat
46:08 Altar of Darkness
46:51 Nerubian Tower
46:54 Spirit Tower
47:08 Necropolis
47:27 Ziggurat
47:31 Crypt
48:16 Necropolis
49:01 Altar of Darkness
49:04 Ziggurat
49:09 Tomb of Relics
49:12 Graveyard
52:20 Altar of Darkness
53:08 Necropolis
53:17 Necropolis
55:27 Altar of Darkness
55:34 Ziggurat
55:47 Crypt
55:52 Graveyard
56:52 Necropolis
» items
| Rod of Necromancy | 1 | |
| Sacrificial Skull | 1 | |
| Dust of Appearance | 1 | |
3 total
team 2 (winner)
FISHINGFORFUN (
pink | 47 APM | 1646 actions | 34:47)
6 Blademaster
3 Wind Walk
2 Critical Strike
1 Bladestorm
» actions
| Assign group hotkey | 46 | |
| Basic commands | 9 | |
| Build / train | 73 | |
| Enter build submenu | 25 | |
| Enter hero's abilities submenu | 6 | |
| Give item / drop item | 3 | |
| Right click | 748 | |
| Select / deselect | 158 | |
| Select group hotkey | 404 | |
| Use ability | 174 | |
1646 total
» units
| Peon | 9 | |
| Wind Rider | 3 | |
| Goblin Shredder | 1 | |
| Goblin Sapper | 26 | |
| Goblin Zeppelin | 2 | |
41 total
» upgrades
| Reinforced Defenses | 1 | |
| Envenomed Spears | 1 | |
| Ensnare | 1 | |
| Ranged Weapons | 2 | |
| Armor | 2 | |
7 total
» buildings
| Altar of Storms | 1 | |
| Orc Burrow | 7 | |
| Voodoo Lounge | 2 | |
| War Mill | 1 | |
| Stronghold | 1 | |
| Watch Tower | 18 | |
| Fortress | 3 | |
| Beastiary | 3 | |
| Great Hall | 2 | |
38 total
» build order
00:12 Altar of Storms
00:24 Orc Burrow
00:53 Voodoo Lounge
01:23 Orc Burrow
01:33 War Mill
03:15 Stronghold
03:26 Watch Tower
03:26 Watch Tower
03:27 Watch Tower
03:28 Watch Tower
04:10 Orc Burrow
04:11 Orc Burrow
05:03 Watch Tower
05:04 Watch Tower
06:19 Fortress
06:19 Fortress
06:19 Fortress
06:27 Beastiary
06:59 Beastiary
09:04 Orc Burrow
12:26 Voodoo Lounge
12:28 Watch Tower
12:29 Watch Tower
12:29 Watch Tower
12:30 Watch Tower
13:05 Watch Tower
13:07 Watch Tower
13:08 Watch Tower
13:08 Watch Tower
13:57 Watch Tower
15:46 Beastiary
15:50 Orc Burrow
15:50 Orc Burrow
15:59 Watch Tower
15:59 Watch Tower
16:01 Watch Tower
17:14 Great Hall
21:55 Great Hall
» items
| Healing Salve | 3 | |
| Lesser Clarity Potion | 4 | |
| Scroll of Town Portal | 1 | |
| Orb of Lightning | 1 | |
9 total
JarrettGang (
yellow | 49 APM | 3466 actions | 71:09)
10 Archmage
3 Summon Water Elemental
3 Brilliance Aura
1 Mass Teleport
3 Blizzard
» actions
| Assign group hotkey | 71 | |
| Basic commands | 217 | |
| Build / train | 113 | |
| Enter build submenu | 55 | |
| Enter hero's abilities submenu | 10 | |
| Give item / drop item | 3 | |
| Remove unit from queue | 3 | |
| Right click | 1169 | |
| Select / deselect | 571 | |
| Select group hotkey | 960 | |
| Use ability | 294 | |
3466 total
» units
| Peasant | 13 | |
| Footman | 5 | |
| Goblin Shredder | 1 | |
| Gryphon Rider | 9 | |
| Goblin Zeppelin | 1 | |
| Goblin Sapper | 5 | |
| Mortar Team | 6 | |
| Dragonhawk Rider | 3 | |
43 total
» upgrades
| Masonry | 3 | |
| Storm Hammers | 1 | |
| Swords | 3 | |
| Armor | 3 | |
| Animal War Training | 1 | |
| Cloud | 1 | |
| Gunpowder | 3 | |
| Plating | 3 | |
| Fragmentation Shards | 1 | |
| Flare | 1 | |
| Barrage | 1 | |
| Flak Cannons | 1 | |
| Flying Machine Bombs | 1 | |
23 total
» buildings
| Altar of Kings | 1 | |
| Barracks | 1 | |
| Farm | 16 | |
| Keep | 1 | |
| Lumber Mill | 2 | |
| Arcane Vault | 2 | |
| Castle | 1 | |
| Town Hall | 2 | |
| Scout Tower | 39 | |
| Gryphon Aviary | 5 | |
| Guard Tower | 8 | |
| Blacksmith | 2 | |
| Workshop | 2 | |
82 total
» build order
00:37 Altar of Kings
00:38 Barracks
00:50 Farm
00:52 Farm
01:05 Farm
01:34 Farm
03:21 Keep
03:43 Farm
03:57 Lumber Mill
04:15 Arcane Vault
06:05 Castle
06:44 Town Hall
06:46 Scout Tower
06:47 Scout Tower
06:47 Scout Tower
06:48 Scout Tower
07:12 Gryphon Aviary
07:13 Gryphon Aviary
07:14 Gryphon Aviary
07:17 Gryphon Aviary
07:52 Guard Tower
08:01 Gryphon Aviary
09:20 Blacksmith
09:23 Blacksmith
13:34 Town Hall
13:37 Scout Tower
13:37 Scout Tower
13:37 Scout Tower
13:38 Scout Tower
13:42 Arcane Vault
15:15 Guard Tower
20:09 Scout Tower
20:09 Scout Tower
20:10 Scout Tower
20:11 Scout Tower
20:14 Scout Tower
20:17 Scout Tower
20:18 Scout Tower
20:18 Scout Tower
20:19 Scout Tower
20:20 Scout Tower
20:58 Guard Tower
21:07 Scout Tower
21:07 Scout Tower
21:09 Scout Tower
21:10 Scout Tower
21:19 Scout Tower
21:20 Scout Tower
21:22 Scout Tower
21:25 Scout Tower
21:25 Scout Tower
21:27 Scout Tower
21:28 Scout Tower
21:30 Scout Tower
21:31 Scout Tower
21:34 Scout Tower
21:35 Scout Tower
21:41 Guard Tower
21:51 Lumber Mill
21:55 Guard Tower
22:18 Guard Tower
22:44 Guard Tower
26:27 Farm
34:06 Workshop
34:07 Workshop
34:13 Guard Tower
47:25 Farm
47:26 Farm
47:28 Farm
47:29 Farm
49:32 Farm
49:33 Farm
49:33 Farm
49:34 Farm
52:00 Farm
52:00 Farm
59:41 Scout Tower
59:41 Scout Tower
59:42 Scout Tower
59:43 Scout Tower
59:43 Scout Tower
59:44 Scout Tower
» items
| Healing Salve | 2 | |
| Orb of Lightning | 1 | |
| Tiny Great Hall | 1 | |
| Scroll of Regeneration | 9 | |
| Mechanical Critter | 2 | |
| Staff of Sanctuary | 1 | |
| Potion of Healing | 5 | |
| Scroll of Town Portal | 2 | |
23 total

»
dave_matthews (
purple | 47 APM | 561 actions | 12:01)
3 Mountain King
2 Storm Bolt
1 Bash
» actions
| Assign group hotkey | 6 | |
| Basic commands | 16 | |
| Build / train | 37 | |
| ESC pressed | 6 | |
| Enter build submenu | 27 | |
| Enter hero's abilities submenu | 3 | |
| Right click | 203 | |
| Select / deselect | 147 | |
| Select group hotkey | 76 | |
| Use ability | 40 | |
561 total
» units
| Peasant | 12 | |
| Footman | 7 | |
| Gryphon Rider | 4 | |
23 total
» upgrades
| Defend | 1 | |
| Lumber Harvesting | 2 | |
| Swords | 1 | |
| Storm Hammers | 1 | |
5 total
» buildings
| Altar of Kings | 1 | |
| Farm | 9 | |
| Barracks | 2 | |
| Lumber Mill | 2 | |
| Arcane Vault | 1 | |
| Keep | 1 | |
| Scout Tower | 5 | |
| Guard Tower | 2 | |
| Blacksmith | 1 | |
| Castle | 1 | |
| Town Hall | 1 | |
| Gryphon Aviary | 2 | |
28 total
» build order
00:22 Altar of Kings
00:26 Farm
01:09 Farm
01:31 Barracks
01:51 Lumber Mill
02:10 Arcane Vault
02:13 Farm
03:03 Barracks
04:00 Farm
04:19 Keep
04:55 Scout Tower
04:58 Scout Tower
05:35 Guard Tower
05:41 Scout Tower
06:25 Blacksmith
06:35 Guard Tower
06:37 Farm
06:42 Castle
07:29 Farm
07:45 Town Hall
08:12 Farm
08:20 Gryphon Aviary
08:25 Gryphon Aviary
08:52 Farm
09:59 Scout Tower
10:00 Scout Tower
11:18 Lumber Mill
11:24 Farm
» items

»
kyufyte43y5xtzr (
red | 12 APM | 880 actions | 71:06)
2 Priestess of the Moon
1 Trueshot Aura
1 Searing Arrows
1 Demon Hunter
1 Evasion
» actions
| Basic commands | 45 | |
| Build / train | 99 | |
| Enter build submenu | 23 | |
| Enter hero's abilities submenu | 3 | |
| Right click | 434 | |
| Select / deselect | 237 | |
| Use ability | 39 | |
880 total
» units
| Wisp | 33 | |
| Archer | 14 | |
| Hippogryph | 7 | |
| Peasant | 4 | |
| Gryphon Rider | 9 | |
| Huntress | 6 | |
| Chimaera | 2 | |
75 total
» upgrades
| Hippogryph Taming | 1 | |
| Strength of the Moon | 3 | |
| Ultravision | 1 | |
| Improved Bows | 1 | |
| Masonry | 1 | |
| Marksmanship | 1 | |
| Well Spring | 1 | |
| Moon Armor | 1 | |
| Swords | 2 | |
| Armor | 1 | |
| Upgrade Moon Glaive | 1 | |
| Corrosive Breath | 1 | |
15 total
» buildings
| Moon Well | 8 | |
| Altar of Elders | 1 | |
| Ancient of War | 3 | |
| Tree of Ages | 2 | |
| Tree of Life | 3 | |
| Ancient of Wind | 2 | |
| Hunter's Hall | 1 | |
| Ancient Protector | 6 | |
| Tree of Eternity | 1 | |
| Chimaera Roost | 3 | |
| Guard Tower | 1 | |
31 total
» build order
00:09 Moon Well
00:13 Altar of Elders
00:19 Ancient of War
02:37 Moon Well
02:50 Moon Well
04:59 Tree of Ages
06:30 Tree of Life
09:20 Ancient of Wind
09:21 Ancient of Wind
09:29 Ancient of War
09:36 Hunter's Hall
10:07 Moon Well
10:22 Moon Well
11:22 Ancient Protector
11:33 Ancient Protector
12:10 Moon Well
12:17 Ancient Protector
12:21 Ancient Protector
12:23 Ancient Protector
12:32 Ancient Protector
13:14 Tree of Eternity
17:14 Moon Well
17:20 Chimaera Roost
17:20 Chimaera Roost
17:22 Chimaera Roost
17:47 Tree of Ages
19:35 Guard Tower
20:11 Ancient of War
22:06 Tree of Life
24:59 Moon Well
26:24 Tree of Life
Chat log
(00:12 / All) JarrettGang: damn ya'll team is darksided
(00:16 / All) JarrettGang: devil worshippers
(00:19 / All) Sempiternal: stfu
(00:25 / All) JarrettGang: May you find Jesus
(00:25 / All) agentknox666: force awakens
(00:34 / All) JarrettGang: Jesus loves you and died for your sins
(00:37 / All) Sempiternal: YELLOW
(00:37 / All) Sempiternal: STFU
(00:44 / All) JarrettGang: American bless God
(00:48 / All) FISHINGFORFUN: star wars > lotr > dune > alien
(00:58 / All) Sempiternal: this warcraft 3 not christian 3
(01:00 / All) Sempiternal: gtfo
(01:02 / All) JarrettGang: Dune > Alien >>>>>>>>>>>>>>> rest
(01:10 / All) FISHINGFORFUN: A
(01:13 / All) FISHINGFORFUN: alien sux ass
(01:18 / All) JarrettGang: you have no taste buddy boy
(01:21 / All) TheBrawWooer: Alien is amazing
(01:23 / All) TheBrawWooer: dude
(01:45 / All) FISHINGFORFUN: wasnt reaslistic, just a military mass effect clone
(01:55 / All) JarrettGang: yeah it's the clone lol
(01:57 / All) FISHINGFORFUN: that features a wierd ass looking chick
(02:08 / All) JarrettGang: I'll pray for you
(02:10 / All) TheBrawWooer: the first movie is a horror film not military alien shit
(02:12 / All) FISHINGFORFUN: signourey weaver is wierd
(02:24 / All) JarrettGang: Dallas should have been the star
(02:37 / All) Sempiternal: blackhawks.
(02:44 / Allies) JarrettGang: I'm taking that don't get any ideas
(03:03 / All) FISHINGFORFUN: hacker
(03:26 / Allies) dave_matthews: is he really hacking?
(04:26 / All) JarrettGang: I'll pray for you teal
(04:43 / All) Sempiternal: fuck yo prayers
(04:45 / All) Sempiternal: NUKKA
(04:53 / All) JarrettGang: Jesus loves you
(05:18 / All) FISHINGFORFUN: u hack green?
(05:22 / All) FISHINGFORFUN: y u following my bm
(05:45 / All) agentknox666: haha i dont know
(06:04 / All) agentknox666: im high and watching Game of thrones
(06:13 / All) dave_matthews: is it good?
(06:18 / All) agentknox666: sick
(06:19 / All) dave_matthews: i am gonna watch it after this
(06:25 / All) agentknox666: smokin wax
(07:53 / Allies) FISHINGFORFUN: heres book of dead
(11:42 / Allies) dave_matthews: gold for lumber anyone?
(12:01 / All) FISHINGFORFUN: jon snow #1
(12:36 / All) agentknox666: wtf?
(12:40 / All) agentknox666: teal no help?
(12:46 / All) FISHINGFORFUN: lawl
(12:49 / All) FISHINGFORFUN: ur a great player, green
(12:50 / All) agentknox666: teal?
(12:59 / All) TheBrawWooer: wtf
(13:00 / All) TheBrawWooer: teal has no web
(13:03 / All) TheBrawWooer: and is calling others noob
(13:04 / All) agentknox666: hahha fags
(13:06 / All) Sempiternal: dude
(13:08 / All) Sempiternal: its cuz oj
(13:10 / All) Sempiternal: is beign a bitch
(13:19 / All) TheBrawWooer: TEAL IS MASS FIEND NO WEB
(13:24 / All) TheBrawWooer: TOO BUSY TKING TO HELP GREEN
(13:25 / All) Sempiternal: LOL
(13:26 / All) TheBrawWooer: AND I HAVE MELEE
(13:36 / All) Sempiternal: oj tried to tk me
(13:37 / All) Sempiternal: and failed
(13:45 / All) Sempiternal: been too busy cleaning him for expo
(13:48 / All) TheBrawWooer: he succeeded because you made us lose now noob
(13:56 / All) Sempiternal: no u just suck
(13:58 / All) Sempiternal: getting melee
(14:02 / All) Sempiternal: while green gets raped
(14:03 / All) Sempiternal: LOL
(14:20 / All) FISHINGFORFUN: so ur mad oj so ur not gonna help green
(14:23 / All) FISHINGFORFUN: tht makes no sense
(14:56 / All) JarrettGang: green didn't manage to kill a single griff
(16:33 / All) FISHINGFORFUN: dead burros in 5 sec
(16:54 / All) JarrettGang: God bless you
(16:55 / All) TheBrawWooer: Teal is too obsessed with killing orange to hit with me
(16:56 / All) JarrettGang: Jesus loves you
(16:58 / All) TheBrawWooer: he's a fucking clown
(17:51 / Allies) FISHINGFORFUN: he said dont lawl
(20:39 / All) TheBrawWooer: 2v4 lol
(20:41 / All) TheBrawWooer: noobs
(21:02 / All) Sempiternal: lol purple
(22:40 / All) JarrettGang: Teal are you ready to accept Jesus Christ into your heart, as your lord and savior?
(22:46 / All) Sempiternal: nah
(22:59 / All) JarrettGang: You will be cast into an eternal lake of fire for all eternity
(23:07 / All) Sempiternal: nice
(23:20 / All) Sempiternal: why pink?
(24:32 / All) Sempiternal: lololol
(24:58 / All) FISHINGFORFUN: wut does sempiternal mean
(25:04 / All) Sempiternal: its a game company
(25:27 / All) FISHINGFORFUN: are u hiring
(25:31 / All) Sempiternal: nope
(25:34 / Allies) kyufyte43y5xtzr: mh
(25:37 / All) Sempiternal: u can download their games on android tho
(25:40 / All) JarrettGang: Your reckoning is soon teal
(25:46 / All) JarrettGang: The lord's vengeance comes upon thee
(25:48 / All) FISHINGFORFUN: its ur company?
(25:59 / All) Sempiternal: nope
(26:04 / All) Sempiternal: soemone made 2 free android games
(26:05 / All) Sempiternal: they r fun
(26:16 / All) Sempiternal: sempiternal is their studio name
(28:03 / All) kyufyte43y5xtzr: spy at the observatory top
(28:11 / All) FISHINGFORFUN: lol
(28:13 / All) FISHINGFORFUN: wtf
(28:30 / All) JarrettGang: the lord's justice is swift and fair
(31:09 / Allies) kyufyte43y5xtzr: why are u killing the towers protecting u?
(31:09 / Allies) FISHINGFORFUN: i did not notice u killing me sappers
(31:50 / Allies) kyufyte43y5xtzr: blue tanks refusing to attack yellow
(32:10 / All) FISHINGFORFUN: from red?
(32:30 / All) Sempiternal: to think i was defeated so swiftly....
(32:43 / All) kyufyte43y5xtzr: waste of all that hacking
(33:16 / All) Sempiternal: wtf?
(35:05 / All) Sempiternal: oh how the tables have turned...
(35:09 / All) TheBrawWooer: w
(35:14 / All) TheBrawWooer: we're coming for your noob ass yellow
(37:34 / Allies) kyufyte43y5xtzr: nice of them to wait until ur mine is depleted
(38:22 / All) kyufyte43y5xtzr: wow that was easy
(40:15 / All) JarrettGang: this place was once a boom town
(40:17 / All) kyufyte43y5xtzr: lotta towers
(40:20 / All) JarrettGang: now it ain't nothing but ghosts
(40:25 / All) JarrettGang: lotta history
(40:37 / All) kyufyte43y5xtzr: run run run
(40:50 / All) kyufyte43y5xtzr: hurry hurry hurry
(40:53 / All) kyufyte43y5xtzr: lol
(41:01 / All) kyufyte43y5xtzr: lol
(41:37 / All) TheBrawWooer: fuck
(41:43 / All) TheBrawWooer: just leave retard
(41:44 / All) TheBrawWooer: you lost
(41:53 / All) kyufyte43y5xtzr: lol
(41:58 / All) JarrettGang: my faith in Christ compels me to victory
(42:04 / All) Sempiternal: more like defeat
(42:06 / All) kyufyte43y5xtzr: be afraid, be very afraid lmao
(42:10 / All) JarrettGang: I can conquer any army and scale any wall
(42:14 / All) TheBrawWooer: red you haven't even done anything
(42:16 / All) TheBrawWooer: we raped you
(42:17 / All) JarrettGang: John 3;16 is my strength!
(42:20 / All) Sempiternal: 2v4
(42:21 / All) Sempiternal: lol.
(42:22 / All) Sempiternal: lol.
(42:40 / All) kyufyte43y5xtzr: I dont cheat, I just hang around and harass cheaters being hacked
(43:03 / All) kyufyte43y5xtzr: lol
(43:38 / All) TheBrawWooer: FUCK
(43:41 / All) TheBrawWooer: screwed my mass tp
(43:45 / Allies) kyufyte43y5xtzr: oops run away runaway
(43:59 / All) kyufyte43y5xtzr: poor teal
(44:21 / All) JarrettGang: IN JESUS NAME I PRAY
(44:24 / All) kyufyte43y5xtzr: oops blue lmao
(44:45 / All) TheBrawWooer: red you are a little bitch you didn't win this it was your hacker ally yellow
(44:48 / All) kyufyte43y5xtzr: hacked games are no fun are they
(44:56 / All) kyufyte43y5xtzr: lol
(45:02 / All) kyufyte43y5xtzr: says the loser
(45:04 / All) kyufyte43y5xtzr: lol
(45:34 / All) kyufyte43y5xtzr: oops another hacked base disappears majically
(45:38 / All) JarrettGang: IN JESUS NAME I PRAY
(45:54 / All) TheBrawWooer: those are fucking 3/3 tanks
(45:58 / All) TheBrawWooer: how the fuck did you kill it
(46:15 / All) kyufyte43y5xtzr: lol easy
(46:21 / All) TheBrawWooer: dude you died ages ago
(46:26 / All) TheBrawWooer: you suck red, yellow is the one winning not you
(46:34 / All) kyufyte43y5xtzr: dude - u can't kill the spirit
(46:36 / All) kyufyte43y5xtzr: lol
(46:55 / All) kyufyte43y5xtzr: can u tell me why u bother playing like this
(47:00 / All) TheBrawWooer: ?
(47:19 / All) kyufyte43y5xtzr: kind of worthless waste of time dont ya think?
(47:28 / All) kyufyte43y5xtzr: no fun in it at all
(48:05 / All) JarrettGang: THE POWER OF CHRIST COMPELS THEE
(48:39 / All) kyufyte43y5xtzr: tell me again why ur staying?
(48:46 / All) TheBrawWooer: I win noob
(48:48 / All) JarrettGang: Teal are you ready to accept Jesus Christ into your heart as your lord and savior?
(49:29 / All) kyufyte43y5xtzr: admit you've been bred and leave
(49:47 / All) kyufyte43y5xtzr: tsk tsk
(49:49 / All) kyufyte43y5xtzr: lol
(50:11 / All) kyufyte43y5xtzr: is this as fun for you as it is for me?
(50:27 / All) TheBrawWooer: having fun watching other people win for u red?
(50:31 / All) JarrettGang: THE POWER OF CHRIST COMPELS THEE
(50:36 / All) kyufyte43y5xtzr: lol
(51:04 / All) kyufyte43y5xtzr: not much to watch u - its gets killed - u build - it gets killed - u dont clue in
(51:19 / All) kyufyte43y5xtzr: lol
(51:41 / All) kyufyte43y5xtzr: lol
(51:52 / All) kyufyte43y5xtzr: wait for it
(52:00 / All) kyufyte43y5xtzr: someone towered lol
(53:26 / All) kyufyte43y5xtzr: towers? really?
(53:32 / All) TheBrawWooer: towers are owning you
(53:38 / All) kyufyte43y5xtzr: me?
(53:40 / All) TheBrawWooer: yes
(53:43 / All) kyufyte43y5xtzr: no hacks owned me
(53:50 / All) Sempiternal: hacks>?
(53:52 / All) kyufyte43y5xtzr: the only way to beat me is to cheat
(54:01 / All) TheBrawWooer: sure buddy
(54:03 / All) TheBrawWooer: I'm beating you
(54:14 / All) kyufyte43y5xtzr: u obviously believe
(54:51 / All) kyufyte43y5xtzr: oops
(54:55 / All) kyufyte43y5xtzr: towers
(54:57 / All) kyufyte43y5xtzr: lol
(55:13 / All) kyufyte43y5xtzr: maddening how he waited so long
(55:21 / All) kyufyte43y5xtzr: then just destroyed u
(55:24 / All) kyufyte43y5xtzr: lol
(55:29 / All) kyufyte43y5xtzr: u cluing in yet?
(56:45 / All) kyufyte43y5xtzr: slow wait for the ineviteable
(56:51 / All) kyufyte43y5xtzr: lol
(56:53 / All) TheBrawWooer: slow wait for your inevitable loss
(57:04 / All) kyufyte43y5xtzr: that was my point
(57:08 / All) kyufyte43y5xtzr: lol
(57:12 / All) TheBrawWooer: yellow is a maphacker
(57:13 / All) Sempiternal: everywhere i fucking go hes there
(57:21 / All) kyufyte43y5xtzr: yeah - u got it
(57:25 / All) JarrettGang: Accept Jesus into your heart
(57:28 / All) kyufyte43y5xtzr: now can we go
(57:42 / All) kyufyte43y5xtzr: so u can cheat someone else out of the fun of playing
(58:03 / All) kyufyte43y5xtzr: leave and go ruin someone elses game
(58:46 / All) kyufyte43y5xtzr: ooooh towers that will work
(58:59 / All) TheBrawWooer: not vs a hacker
(59:19 / All) kyufyte43y5xtzr: ur the hacker bitching about being hacked - thats rich
(59:25 / All) TheBrawWooer: I'm not hacking bro
(59:30 / All) TheBrawWooer: I am pure skill
(59:46 / All) kyufyte43y5xtzr: teal u wanna chime in here and deny it too
(59:54 / All) Sempiternal: ?
(60:10 / All) TheBrawWooer: if I was a hacker i wouldnt be having so hard a time winning against your noob ass
(60:14 / All) kyufyte43y5xtzr: guess he does want to be called a liar on here
(60:47 / All) kyufyte43y5xtzr: yellow a noob? really? he's been playing almost as long as me but he has hacked from the beginning
(62:57 / All) kyufyte43y5xtzr: really dude?
(63:12 / All) Sempiternal: wow
(63:13 / All) TheBrawWooer: well gg hacker
(63:16 / All) kyufyte43y5xtzr: u haven't figured it out yet?
(63:22 / All) JarrettGang: MY MORTS MY MORTS
(63:32 / All) kyufyte43y5xtzr: ur here as long as he want u here
(63:51 / All) kyufyte43y5xtzr: ur only option is to deny him that control of u and leave
(64:18 / All) kyufyte43y5xtzr: not even attacking ur production - too funny
(64:34 / All) Sempiternal: its those fucking skydragons
(64:40 / All) TheBrawWooer: skydragons?
(64:51 / All) kyufyte43y5xtzr: lol
(65:01 / All) kyufyte43y5xtzr: click one of them it will tell what they are
(65:47 / Allies) kyufyte43y5xtzr: lol
(65:50 / All) TheBrawWooer: RED
(65:52 / All) TheBrawWooer: YOU LOSE
(65:53 / All) kyufyte43y5xtzr: the big hacker runs
(65:56 / All) JarrettGang: You gotta lose lol
(66:06 / All) TheBrawWooer: I TOLD YOU
(66:08 / All) kyufyte43y5xtzr: no dude my name is on the winninglist
(66:08 / All) JarrettGang: we've been in cahoots before the game began
(66:09 / All) kyufyte43y5xtzr: lol
(66:12 / All) kyufyte43y5xtzr: u lose dude
(66:17 / All) TheBrawWooer: WE WERE PRETENDING LOL
(66:19 / All) kyufyte43y5xtzr: bye bye now
(66:24 / All) TheBrawWooer: I INTENTIONALLY LOSE FIGHTS
(66:31 / All) kyufyte43y5xtzr: we dont need to here from losers
(66:31 / All) TheBrawWooer: AND WORKED WITH TEAL UNTIL THE BITTER END
(66:33 / All) kyufyte43y5xtzr: lol
(66:35 / All) TheBrawWooer: BUT NOW ONLY YOU ARE LEFT
(66:38 / All) TheBrawWooer: AND SO YOU LOSE LOL!!!!!!
(66:45 / All) TheBrawWooer: LOOK AT YELLOW'S MAIN!!!!
(66:48 / All) kyufyte43y5xtzr: u had tanks in his base and refused to attack
(66:51 / All) TheBrawWooer: HOW MAD U ARE?
(66:54 / All) kyufyte43y5xtzr: u missed ur chance
(67:00 / All) TheBrawWooer: MY CHANCE IS NOW
(67:00 / All) JarrettGang: how mad yo uare?
(67:02 / All) kyufyte43y5xtzr: lol
(67:05 / All) TheBrawWooer: HOW MAD
(67:08 / All) kyufyte43y5xtzr: lol
(67:15 / All) kyufyte43y5xtzr: love ur rage dude
(67:16 / All) JarrettGang: he's in shock and denial phase
(67:22 / All) TheBrawWooer: ARE YOU REALLY LAUGHING OUT LOUD RED LOL?
(67:24 / All) TheBrawWooer: I AM
(67:24 / All) kyufyte43y5xtzr: just leave before I bust a gut
(67:28 / All) kyufyte43y5xtzr: lol
(67:30 / All) TheBrawWooer: I AM FUCKING CACKLING MANIACALLY IRL
(67:33 / All) kyufyte43y5xtzr: rage
(67:35 / All) kyufyte43y5xtzr: lol
(67:41 / All) TheBrawWooer: No I am genuinely laughing
(67:44 / All) kyufyte43y5xtzr: bye bye
(67:45 / All) JarrettGang: blue has enemy control hack
(67:46 / All) kyufyte43y5xtzr: lol
(67:48 / All) JarrettGang: I can't fight it!
(67:54 / All) TheBrawWooer: I am control hacking
(67:58 / All) TheBrawWooer: I am making yellow kill himself
(68:00 / All) TheBrawWooer: you lose red
(68:02 / All) TheBrawWooer: ahahaha
(68:06 / All) JarrettGang: how mad you are red?
(68:14 / All) TheBrawWooer: how mod you are bro?
(68:24 / All) kyufyte43y5xtzr: dude its plain from the outset u and yellow were working together
(68:30 / All) kyufyte43y5xtzr: lol
(68:32 / All) TheBrawWooer: no really?
(68:35 / All) kyufyte43y5xtzr: thats why I stayed
(68:37 / All) TheBrawWooer: it was plain from the beginning?
(68:43 / All) kyufyte43y5xtzr: he does this all the time
(68:48 / All) TheBrawWooer: wow, you had it figured out all along but just pretended to be stupid?
(68:51 / All) kyufyte43y5xtzr: lol
(69:49 / All) TheBrawWooer: Anything to say for yourself red?
(70:03 / All) kyufyte43y5xtzr: thee only way to defeat him is to have him kill himself
(70:10 / All) kyufyte43y5xtzr: its too funny
(70:11 / All) TheBrawWooer: lol
(70:19 / All) kyufyte43y5xtzr: I have done this to him many times
(70:21 / All) kyufyte43y5xtzr: lol
(70:34 / All) TheBrawWooer: yes, you are really in control of our planned tk matches dude
(70:36 / All) kyufyte43y5xtzr: he's a stucker for his own stupidity
(70:37 / All) TheBrawWooer: you are what makes us do this
(70:42 / All) kyufyte43y5xtzr: lol
(70:48 / All) kyufyte43y5xtzr: wait for it
(71:04 / All) kyufyte43y5xtzr: its pay back for every time he has cheated me in a game